Workbook

Sheet Orçamento Base
A2: PREFEITURA MUNICIPAL DE ITAMBÉ | F2: TABELAS REFERÊNCIA:
A3: LOCALIZAÇÃO: RUA DESEMBARGADOR JOÃO PAES, S/N, DISTRITO DE IBIRANGA - ITAMBÉ/PE | F3: SINAPI JANEIRO/2026 - NÃO DESONERADA
A4: OBJETO: IMPLANTAÇÃO DE SUBESTAÇÃO E INSTALAÇÕES DE PONTOS DE AR CONDICIONADO NO ESPAÇO EDUCATIVO URBANO, COM 12 SALAS DE AULA | F4: ORSE JANEIRO/2026-1
A5: DATA: MARÇO DE 2026 | F5: BDI = 18,58%
A7: ORÇAMENTO BASE | K7: 1.1858
A8: ITEM | B8: FONTE | C8: CÓDIGO | D8: DISCRIMINAÇÃO DOS SERVIÇOS | E8: UNIDADE | F8: QUANTIDADE | G8: PREÇO UNITÁRIO SEM BDI | H8: PREÇO UNITÁRIO COM BDI | I8: PREÇO TOTAL COM BDI | J8: PESO (%) | K8: PREÇO TOTAL
A9: 1.0 | D9: SERVIÇOS PRELIMINARES
A10: 1.1 | B10: SINAPI | C10: 103689 | D10: FORNECIMENTO E INSTALAÇÃO DE PLACA DE OBRA COM CHAPA GALVANIZADA E ESTRUTURA DE MADEIRA. AF_03/2022_PS | E10: M2 | F10: ='Memória de Cálculo'!H12 -> 6 | G10: 468.67 | H10: =ROUND(G10*$K$7,2) -> 555.75 | I10: =ROUND(H10*F10,2) -> 3334.5 | J10: =(I10*100/$I$80)/100 -> 0.015244023
A11: 1.2 | B11: COTAÇÃO DE MERCADO | D11: PRESTAÇÃO DE SERVIÇO TÉCNICO DE ENGENHARIA PARA ELABORAÇÃO DE PROJETO ELÉTRICO DE SUBESTAÇÃO DO PRÉDIO DO CENTRO ADMINISTRATIVO COM APROVAÇÃO JUNTO A CELPE | E11: UND | F11: ='Memória de Cálculo'!H16 -> 1 | G11: =COTAÇÕES!H4 -> 16500 | H11: =ROUND(G11*$K$7,2) -> 19565.7 | I11: =ROUND(H11*F11,2) -> 19565.7 | J11: =(I11*100/$I$80)/100 -> 0.089446688
D12: TOTAL 1.0 | I12: =SUM(I10:I11) -> 22900.2 | J12: =(I12*100/$I$80)/100 -> 0.10469071
A14: 2.0 | D14: SUBESTAÇÃO AÉREA TRIFÁSICA DE 300 KVA
A15: 2.1 | B15: COMPOSIÇÃO | D15: MONTAGEM DE ACESSÓRIOS PARA SUBESTAÇÃO TRANSFORMADORA EM POSTE DE CONCRETO ARMADO DE SECAO DUPLO T, EXTENSAO DE 10,00 M, RESISTENCIA DE 600 DAN, TIPO B - CONFORME PROJETOS | E15: UND | F15: ='Memória de Cálculo'!H21 -> 1 | G15: =Composições!H38 -> 6615.06 | H15: =ROUND(G15*$K$7,2) -> 7844.14 | I15: =ROUND(H15*F15,2) -> 7844.14 | J15: =(I15*100/$I$80)/100 -> 0.035860324
A16: 2.2 | B16: SINAPI | C16: 100605 | D16: ASSENTAMENTO DE POSTE DE CONCRETO COM COMPRIMENTO NOMINAL DE 10 M, CARGA NOMINAL DE 600 DAN, ENGASTAMENTO BASE CONCRETADA COM 1 M DE CONCRETO E 0,6 M DE SOLO (NÃO INCLUI FORNECIMENTO). AF_04/2025 | E16: UND | F16: ='Memória de Cálculo'!H25 -> 1 | G16: 1152.15 | H16: =ROUND(G16*$K$7,2) -> 1366.22 | I16: =ROUND(H16*F16,2) -> 1366.22 | J16: =(I16*100/$I$80)/100 -> 0.0062458207
A17: 2.3 | B17: SINAPI | C17: 102108 | D17: TRANSFORMADOR DE DISTRIBUIÇÃO, 300 KVA, TRIFÁSICO, 60 HZ, CLASSE 15 KV, IMERSO EM ÓLEO MINERAL, INSTALAÇÃO EM POSTE (NÃO INCLUSO SUPORTE) - FORNECIMENTO E INSTALAÇÃO. AF_12/2020 | E17: UND | F17: ='Memória de Cálculo'!H29 -> 1 | G17: 40597.86 | H17: =ROUND(G17*$K$7,2) -> 48140.94 | I17: =ROUND(H17*F17,2) -> 48140.94 | J17: =(I17*100/$I$80)/100 -> 0.22008145
A18: 2.4 | B18: SINAPI | C18: 97892 | D18: CAIXA ENTERRADA ELÉTRICA RETANGULAR, EM ALVENARIA COM BLOCOS DE CONCRETO, FUNDO COM BRITA, DIMENSÕES INTERNAS: 0,6X0,6X0,6 M. AF_12/2020 | E18: UND | F18: ='Memória de Cálculo'!H33 -> 2 | G18: 407.15 | H18: =ROUND(G18*$K$7,2) -> 482.8 | I18: =ROUND(H18*F18,2) -> 965.6 | J18: =(I18*100/$I$80)/100 -> 0.0044143436
A19: 2.5 | B19: SINAPI | C19: 101563 | D19: CABO DE COBRE FLEXÍVEL ISOLADO, 35 MM², 0,6/1,0 KV, PARA REDE AÉREA DE DISTRIBUIÇÃO DE ENERGIA ELÉTRICA DE BAIXA TENSÃO - FORNECIMENTO E INSTALAÇÃO. AF_07/2020 | E19: M | F19: ='Memória de Cálculo'!H38 -> 20 | G19: 38.02 | H19: =ROUND(G19*$K$7,2) -> 45.08 | I19: =ROUND(H19*F19,2) -> 901.6 | J19: =(I19*100/$I$80)/100 -> 0.0041217607
A20: 2.6 | B20: SINAPI | C20: 101564 | D20: CABO DE COBRE FLEXÍVEL ISOLADO, 50 MM², 0,6/1,0 KV, PARA REDE AÉREA DE DISTRIBUIÇÃO DE ENERGIA ELÉTRICA DE BAIXA TENSÃO - FORNECIMENTO E INSTALAÇÃO. AF_07/2020 | E20: M | F20: ='Memória de Cálculo'!H42 -> 15 | G20: 56.18 | H20: =ROUND(G20*$K$7,2) -> 66.62 | I20: =ROUND(H20*F20,2) -> 999.3 | J20: =(I20*100/$I$80)/100 -> 0.0045684067
A21: 2.7 | B21: SINAPI | C21: 101565 | D21: CABO DE COBRE FLEXÍVEL ISOLADO, 70 MM², 0,6/1,0 KV, PARA REDE AÉREA DE DISTRIBUIÇÃO DE ENERGIA ELÉTRICA DE BAIXA TENSÃO - FORNECIMENTO E INSTALAÇÃO. AF_07/2020 | E21: M | F21: ='Memória de Cálculo'!H47 -> 66 | G21: 78.55 | H21: =ROUND(G21*$K$7,2) -> 93.14 | I21: =ROUND(H21*F21,2) -> 6147.24 | J21: =(I21*100/$I$80)/100 -> 0.028102764
A22: 2.8 | B22: SINAPI | C22: 93010 | D22: ELETRODUTO RÍGIDO ROSCÁVEL, PVC, DN 75 MM (2 1/2"), PARA REDE ENTERRADA DE DISTRIBUIÇÃO DE ENERGIA ELÉTRICA - FORNECIMENTO E INSTALAÇÃO. AF_12/2021 | E22: M | F22: ='Memória de Cálculo'!H52 -> 25 | G22: 40.75 | H22: =ROUND(G22*$K$7,2) -> 48.32 | I22: =ROUND(H22*F22,2) -> 1208 | J22: =(I22*100/$I$80)/100 -> 0.0055225011
A23: 2.9 | B23: SINAPI | C23: 93015 | D23: LUVA PARA ELETRODUTO, PVC, ROSCÁVEL, DN 75 MM (2 1/2"), PARA REDE ENTERRADA DE DISTRIBUIÇÃO DE ENERGIA ELÉTRICA - FORNECIMENTO E INSTALAÇÃO. AF_12/2021 | E23: UND | F23: ='Memória de Cálculo'!H56 -> 8 | G23: 33.1 | H23: =ROUND(G23*$K$7,2) -> 39.25 | I23: =ROUND(H23*F23,2) -> 314 | J23: =(I23*100/$I$80)/100 -> 0.0014354845
A24: 2.10 | B24: SINAPI | C24: 93022 | D24: CURVA 90 GRAUS PARA ELETRODUTO, PVC, ROSCÁVEL, DN 75 MM (2 1/2"), PARA REDE ENTERRADA DE DISTRIBUIÇÃO DE ENERGIA ELÉTRICA - FORNECIMENTO E INSTALAÇÃO. AF_12/2021 | E24: UND | F24: ='Memória de Cálculo'!H60 -> 4 | G24: 58.54 | H24: =ROUND(G24*$K$7,2) -> 69.42 | I24: =ROUND(H24*F24,2) -> 277.68 | J24: =(I24*100/$I$80)/100 -> 0.0012694438
A25: 2.11 | B25: ORSE | C25: 2840 | D25: Fornecimento de cabo de aço cobreado 3 x 9 awg | E25: KG | F25: ='Memória de Cálculo'!H64 -> 20 | G25: 61.06 | H25: =ROUND(G25*$K$7,2) -> 72.4 | I25: =ROUND(H25*F25,2) -> 1448 | J25: =(I25*100/$I$80)/100 -> 0.0066196867
A26: 2.12 | B26: SINAPI | C26: 97886 | D26: CAIXA ENTERRADA ELÉTRICA RETANGULAR, EM ALVENARIA COM TIJOLOS CERÂMICOS MACIÇOS, FUNDO COM BRITA, DIMENSÕES INTERNAS: 0,3X0,3X0,3 M. AF_12/2020 | E26: UND | F26: ='Memória de Cálculo'!H68 -> 4 | G26: 168.72 | H26: =ROUND(G26*$K$7,2) -> 200.07 | I26: =ROUND(H26*F26,2) -> 800.28 | J26: =(I26*100/$I$80)/100 -> 0.0036585655
A27: 2.13 | B27: INSUMOS SINAPI | C27: 1062 | D27: CAIXA INTERNA/EXTERNA DE MEDICAO PARA 1 MEDIDOR TRIFASICO, COM VISOR, EM CHAPA DE ACO 18 USG (PADRAO DA CONCESSIONARIA LOCAL) | E27: UND | F27: ='Memória de Cálculo'!H72 -> 1 | G27: 227.83 | H27: =ROUND(G27*$K$7,2) -> 270.16 | I27: =ROUND(H27*F27,2) -> 270.16 | J27: =(I27*100/$I$80)/100 -> 0.0012350653
A28: 2.14 | B28: SINAPI | C28: 101898 | D28: DISJUNTOR TERMOMAGNÉTICO TRIPOLAR, CORRENTE NOMINAL DE 400A - FORNECIMENTO E INSTALAÇÃO. AF_07/2025 | E28: UND | F28: ='Memória de Cálculo'!H76 -> 1 | G28: 1516.65 | H28: =ROUND(G28*$K$7,2) -> 1798.44 | I28: =ROUND(H28*F28,2) -> 1798.44 | J28: =(I28*100/$I$80)/100 -> 0.0082217606
A29: 2.15 | B29: SINAPI | C29: 103326 | D29: ALVENARIA DE VEDAÇÃO DE BLOCOS CERÂMICOS FURADOS NA VERTICAL DE 19X19X39 CM (ESPESSURA 19 CM) E ARGAMASSA DE ASSENTAMENTO COM PREPARO EM BETONEIRA. AF_12/2021 | E29: M2 | F29: ='Memória de Cálculo'!H80 -> 3.2 | G29: 86.57 | H29: =ROUND(G29*$K$7,2) -> 102.65 | I29: =ROUND(H29*F29,2) -> 328.48 | J29: =(I29*100/$I$80)/100 -> 0.0015016814
A30: 2.16 | B30: SINAPI | C30: 87879 | D30: CHAPISCO APLICADO EM ALVENARIAS E ESTRUTURAS DE CONCRETO INTERNAS, COM COLHER DE PEDREIRO. ARGAMASSA TRAÇO 1:3 COM PREPARO EM BETONEIRA 400L. AF_10/2022 | E30: M2 | F30: ='Memória de Cálculo'!H84 -> 6.4 | G30: 4.84 | H30: =ROUND(G30*$K$7,2) -> 5.74 | I30: =ROUND(H30*F30,2) -> 36.74 | J30: =(I30*100/$I$80)/100 -> 0.00016796084
A31: 2.17 | B31: SINAPI | C31: 87529 | D31: MASSA ÚNICA, EM ARGAMASSA TRAÇO 1:2:8, PREPARO MECÂNICO, APLICADA MANUALMENTE EM PAREDES INTERNAS DE AMBIENTES COM ÁREA ENTRE 5M² E 10M², E = 17,5MM, COM TALISCAS. AF_03/2024 | E31: M2 | F31: ='Memória de Cálculo'!H88 -> 6.4 | G31: 41.89 | H31: =ROUND(G31*$K$7,2) -> 49.67 | I31: =ROUND(H31*F31,2) -> 317.89 | J31: =(I31*100/$I$80)/100 -> 0.0014532681
A32: 2.18 | B32: SINAPI | C32: 95726 | D32: ELETRODUTO RÍGIDO SOLDÁVEL, PVC, DN 20 MM (½''), APARENTE - FORNECIMENTO E INSTALAÇÃO. AF_10/2022 | E32: M | F32: ='Memória de Cálculo'!H92 -> 3 | G32: 18.44 | H32: =ROUND(G32*$K$7,2) -> 21.87 | I32: =ROUND(H32*F32,2) -> 65.61 | J32: =(I32*100/$I$80)/100 -> 0.00029994312
A33: 2.19 | B33: ORSE | C33: 4135 | D33: Gancho suspensão com olhal, fornecimento | E33: UND | F33: ='Memória de Cálculo'!H96 -> 3 | G33: 12.11 | H33: =ROUND(G33*$K$7,2) -> 14.36 | I33: =ROUND(H33*F33,2) -> 43.08 | J33: =(I33*100/$I$80)/100 -> 0.00019694482
A34: 2.20 | B34: ORSE | C34: 2884 | D34: Fornecimento de gancho de olhal c/ furo 18 mm | E34: UND | F34: ='Memória de Cálculo'!H100 -> 3 | G34: 14.9 | H34: =ROUND(G34*$K$7,2) -> 17.67 | I34: =ROUND(H34*F34,2) -> 53.01 | J34: =(I34*100/$I$80)/100 -> 0.00024234088
A35: 2.21 | B35: ORSE | C35: 4136 | D35: Manilha sapatilha preformada, fornecimento | E35: UND | F35: ='Memória de Cálculo'!H104 -> 3 | G35: 21 | H35: =ROUND(G35*$K$7,2) -> 24.9 | I35: =ROUND(H35*F35,2) -> 74.7 | J35: =(I35*100/$I$80)/100 -> 0.00034149903
A36: 2.22 | B36: SINAPI | C36: 92992 | D36: CABO DE COBRE FLEXÍVEL ISOLADO, 95 MM², ANTI-CHAMA 0,6/1,0 KV, PARA REDE ENTERRADA DE DISTRIBUIÇÃO DE ENERGIA ELÉTRICA - FORNECIMENTO E INSTALAÇÃO. AF_12/2021 | E36: M | F36: ='Memória de Cálculo'!H108 -> 60 | G36: 106.35 | H36: =ROUND(G36*$K$7,2) -> 126.11 | I36: =ROUND(H36*F36,2) -> 7566.6 | J36: =(I36*100/$I$80)/100 -> 0.03459152
A37: 2.23 | B37: SINAPI | C37: 96973 | D37: CORDOALHA DE COBRE NU 35 MM², NÃO ENTERRADA, COM ISOLADOR - FORNECIMENTO E INSTALAÇÃO. AF_08/2023 | E37: M | F37: ='Memória de Cálculo'!H112 -> 30 | G37: 74.34 | H37: =ROUND(G37*$K$7,2) -> 88.15 | I37: =ROUND(H37*F37,2) -> 2644.5 | J37: =(I37*100/$I$80)/100 -> 0.012089614
A38: 2.24 | B38: SINAPI | C38: 96976 | D38: CORDOALHA DE COBRE NU 95 MM², NÃO ENTERRADA, COM ISOLADOR - FORNECIMENTO E INSTALAÇÃO. AF_08/2023 | E38: M | F38: ='Memória de Cálculo'!H116 -> 15 | G38: 156.73 | H38: =ROUND(G38*$K$7,2) -> 185.85 | I38: =ROUND(H38*F38,2) -> 2787.75 | J38: =(I38*100/$I$80)/100 -> 0.012744497
A39: 2.25 | B39: ORSE | C39: 10090 | D39: Presilha de latão, L=20mm, para fixação de cabos de cobre, furo d=7mm, para cabos 35mm² a 50mm², ref:TEL-745 ou similar (SPDA) | E39: UND | F39: ='Memória de Cálculo'!H120 -> 4 | G39: 2.4 | H39: =ROUND(G39*$K$7,2) -> 2.85 | I39: =ROUND(H39*F39,2) -> 11.4 | J39: =(I39*100/$I$80)/100 -> 5.2116318e-05
A40: 2.26 | B40: ORSE | C40: 9824 | D40: Massa 3M para calafetação (fornecimento) | E40: KG | F40: ='Memória de Cálculo'!H124 -> 1 | G40: 32.66 | H40: =ROUND(G40*$K$7,2) -> 38.73 | I40: =ROUND(H40*F40,2) -> 38.73 | J40: =(I40*100/$I$80)/100 -> 0.00017705833
A41: 2.27 | B41: SINAPI | C41: 104752 | D41: CONECTOR SPLIT-BOLT, PARA SPDA, PARA CABOS ATÉ 35 MM2 - FORNECIMENTO E INSTALAÇÃO. AF_08/2023 | E41: UND | F41: ='Memória de Cálculo'!H128 -> 2 | G41: 22.06 | H41: =ROUND(G41*$K$7,2) -> 26.16 | I41: =ROUND(H41*F41,2) -> 52.32 | J41: =(I41*100/$I$80)/100 -> 0.00023918647
A42: 2.28 | B42: SINAPI | C42: 104753 | D42: CONECTOR SPLIT-BOLT, PARA SPDA, PARA CABOS ATÉ 50 MM2 - FORNECIMENTO E INSTALAÇÃO. AF_08/2023 | E42: UND | F42: ='Memória de Cálculo'!H132 -> 12 | G42: 26.74 | H42: =ROUND(G42*$K$7,2) -> 31.71 | I42: =ROUND(H42*F42,2) -> 380.52 | J42: =(I42*100/$I$80)/100 -> 0.0017395878
A43: 2.29 | B43: SINAPI | C43: 104755 | D43: CONECTOR SPLIT-BOLT, PARA SPDA, PARA CABOS ATÉ 95 MM2 - FORNECIMENTO E INSTALAÇÃO. AF_08/2023 | E43: UND | F43: ='Memória de Cálculo'!H136 -> 2 | G43: 47.22 | H43: =ROUND(G43*$K$7,2) -> 55.99 | I43: =ROUND(H43*F43,2) -> 111.98 | J43: =(I43*100/$I$80)/100 -> 0.00051192853
D44: TOTAL 2.0 | I44: =SUM(I15:I43) -> 86994.91 | J44: =(I44*100/$I$80)/100 -> 0.39770653
A46: 3.0 | D46: INSTATALÇOES DE PONTOS DE AR CONDICIONADO
A47: 3.1 | B47: SINAPI | C47: 90456 | D47: QUEBRA EM ALVENARIA PARA INSTALAÇÃO DE CAIXA DE TOMADA (4X4 OU 4X2). AF_09/2023 | E47: UND | F47: ='Memória de Cálculo'!H172 -> 37 | G47: 5.85 | H47: =ROUND(G47*$K$7,2) -> 6.94 | I47: =ROUND(H47*F47,2) -> 256.78 | J47: =(I47*100/$I$80)/100 -> 0.0011738972
A48: 3.2 | B48: SINAPI | C48: 90447 | D48: RASGO LINEAR MANUAL EM ALVENARIA, PARA ELETRODUTOS, DIÂMETROS MENORES OU IGUAIS A 40 MM. AF_09/2023 | E48: M | F48: ='Memória de Cálculo'!H177 -> 62.4 | G48: 8.83 | H48: =ROUND(G48*$K$7,2) -> 10.47 | I48: =ROUND(H48*F48,2) -> 653.33 | J48: =(I48*100/$I$80)/100 -> 0.0029867679
A49: 3.3 | B49: SINAPI | C49: 90444 | D49: RASGO LINEAR MECANIZADO EM CONTRAPISO, PARA RAMAIS/ DISTRIBUIÇÃO DE INSTALAÇÕES HIDRÁULICAS, DIÂMETROS MENORES OU IGUAIS A 40 MM. AF_09/2023_PS | E49: M | F49: ='Memória de Cálculo'!H182 -> 49.8 | G49: 7.18 | H49: =ROUND(G49*$K$7,2) -> 8.51 | I49: =ROUND(H49*F49,2) -> 423.8 | J49: =(I49*100/$I$80)/100 -> 0.001937447
A50: 3.4 | B50: SINAPI | C50: 90443 | D50: RASGO LINEAR MANUAL EM ALVENARIA, PARA RAMAIS/ DISTRIBUIÇÃO DE INSTALAÇÕES HIDRÁULICAS, DIÂMETROS MENORES OU IGUAIS A 40 MM. AF_09/2023 | E50: M | F50: ='Memória de Cálculo'!H186 -> 92.5 | G50: 8.54 | H50: =ROUND(G50*$K$7,2) -> 10.13 | I50: =ROUND(H50*F50,2) -> 937.03 | J50: =(I50*100/$I$80)/100 -> 0.0042837328
A51: 3.5 | B51: SINAPI | C51: 104766 | D51: CHUMBAMENTO LINEAR EM ALVENARIA PARA ELETRODUTOS COM DIÂMETROS MENORES OU IGUAIS A 40 MM. AF_09/2023 | E51: M | F51: ='Memória de Cálculo'!H191 -> 62.4 | G51: 17.11 | H51: =ROUND(G51*$K$7,2) -> 20.29 | I51: =ROUND(H51*F51,2) -> 1266.1 | J51: =(I51*100/$I$80)/100 -> 0.0057881114
A52: 3.6 | B52: SINAPI | C52: 90466 | D52: CHUMBAMENTO LINEAR EM ALVENARIA PARA RAMAIS/DISTRIBUIÇÃO DE INSTALAÇÕES HIDRÁULICAS COM DIÂMETROS MENORES OU IGUAIS A 40 MM. AF_09/2023 | E52: M | F52: ='Memória de Cálculo'!H195 -> 74 | G52: 16.69 | H52: =ROUND(G52*$K$7,2) -> 19.79 | I52: =ROUND(H52*F52,2) -> 1464.46 | J52: =(I52*100/$I$80)/100 -> 0.0066949353
A53: 3.7 | B53: SINAPI | C53: 90468 | D53: CHUMBAMENTO LINEAR EM CONTRAPISO PARA RAMAIS/DISTRIBUIÇÃO DE INSTALAÇÕES HIDRÁULICAS COM DIÂMETROS MENORES OU IGUAIS A 40 MM. AF_09/2023 | E53: M | F53: ='Memória de Cálculo'!H200 -> 49.8 | G53: 8.36 | H53: =ROUND(G53*$K$7,2) -> 9.91 | I53: =ROUND(H53*F53,2) -> 493.52 | J53: =(I53*100/$I$80)/100 -> 0.0022561794
A54: 3.8 | B54: SINAPI | C54: 90458 | D54: QUEBRA EM ALVENARIA PARA INSTALAÇÃO DE QUADRO DISTRIBUIÇÃO GRANDE (76X40 CM). AF_09/2023 | E54: UND | F54: ='Memória de Cálculo'!H204 -> 1 | G54: 38.09 | H54: =ROUND(G54*$K$7,2) -> 45.17 | I54: =ROUND(H54*F54,2) -> 45.17 | J54: =(I54*100/$I$80)/100 -> 0.00020649948
A55: 3.9 | B55: SINAPI | C55: 101881 | D55: QUADRO DE DISTRIBUIÇÃO DE ENERGIA EM CHAPA DE AÇO GALVANIZADO, DE EMBUTIR, COM BARRAMENTO TRIFÁSICO, PARA 40 DISJUNTORES DIN 100A - FORNECIMENTO E INSTALAÇÃO. AF_07/2025 | E55: UND | F55: ='Memória de Cálculo'!H208 -> 1 | G55: 885.96 | H55: =ROUND(G55*$K$7,2) -> 1050.57 | I55: =ROUND(H55*F55,2) -> 1050.57 | J55: =(I55*100/$I$80)/100 -> 0.004802793
A56: 3.10 | B56: SINAPI | C56: 101896 | D56: DISJUNTOR TERMOMAGNÉTICO TRIPOLAR, CORRENTE NOMINAL DE 200A - FORNECIMENTO E INSTALAÇÃO. AF_07/2025 | E56: UND | F56: ='Memória de Cálculo'!H212 -> 1 | G56: 709.09 | H56: =ROUND(G56*$K$7,2) -> 840.84 | I56: =ROUND(H56*F56,2) -> 840.84 | J56: =(I56*100/$I$80)/100 -> 0.0038439899
A57: 3.11 | B57: SINAPI | C57: 106027 | D57: DISPOSITIVO DPS 20KA-175V OU 275V - FORNECIMENTO E INSTALAÇÃO. AF_07/2025 | E57: UND | F57: ='Memória de Cálculo'!H216 -> 1 | G57: 84.3 | H57: =ROUND(G57*$K$7,2) -> 99.96 | I57: =ROUND(H57*F57,2) -> 99.96 | J57: =(I57*100/$I$80)/100 -> 0.00045697782
A58: 3.12 | B58: SINAPI | C58: 92986 | D58: CABO DE COBRE FLEXÍVEL ISOLADO, 35 MM², ANTI-CHAMA 0,6/1,0 KV, PARA REDE ENTERRADA DE DISTRIBUIÇÃO DE ENERGIA ELÉTRICA - FORNECIMENTO E INSTALAÇÃO. AF_12/2021 | E58: M | F58: ='Memória de Cálculo'!H220 -> 25 | G58: 40.98 | H58: =ROUND(G58*$K$7,2) -> 48.59 | I58: =ROUND(H58*F58,2) -> 1214.75 | J58: =(I58*100/$I$80)/100 -> 0.0055533594
A59: 3.13 | B59: SINAPI | C59: 92992 | D59: CABO DE COBRE FLEXÍVEL ISOLADO, 95 MM², ANTI-CHAMA 0,6/1,0 KV, PARA REDE ENTERRADA DE DISTRIBUIÇÃO DE ENERGIA ELÉTRICA - FORNECIMENTO E INSTALAÇÃO. AF_12/2021 | E59: M | F59: ='Memória de Cálculo'!H224 -> 100 | G59: 106.35 | H59: =ROUND(G59*$K$7,2) -> 126.11 | I59: =ROUND(H59*F59,2) -> 12611 | J59: =(I59*100/$I$80)/100 -> 0.057652534
A60: 3.14 | B60: SINAPI | C60: 93656 | D60: DISJUNTOR MONOPOLAR TIPO DIN, CORRENTE NOMINAL DE 25A - FORNECIMENTO E INSTALAÇÃO. AF_07/2025 | E60: UND | F60: ='Memória de Cálculo'!H228 -> 37 | G60: 15.09 | H60: =ROUND(G60*$K$7,2) -> 17.89 | I60: =ROUND(H60*F60,2) -> 661.93 | J60: =(I60*100/$I$80)/100 -> 0.0030260837
A61: 3.15 | B61: SINAPI | C61: 91863 | D61: ELETRODUTO RÍGIDO ROSCÁVEL, PVC, DN 25 MM (3/4"), PARA CIRCUITOS TERMINAIS, INSTALADO EM FORRO - FORNECIMENTO E INSTALAÇÃO. AF_03/2023 | E61: M | F61: ='Memória de Cálculo'!H232 -> 31 | G61: 12.1 | H61: =ROUND(G61*$K$7,2) -> 14.35 | I61: =ROUND(H61*F61,2) -> 444.85 | J61: =(I61*100/$I$80)/100 -> 0.0020336793
A62: 3.16 | B62: SINAPI | C62: 91864 | D62: ELETRODUTO RÍGIDO ROSCÁVEL, PVC, DN 32 MM (1"), PARA CIRCUITOS TERMINAIS, INSTALADO EM FORRO - FORNECIMENTO E INSTALAÇÃO. AF_03/2023 | E62: M | F62: ='Memória de Cálculo'!H237 -> 40 | G62: 16.3 | H62: =ROUND(G62*$K$7,2) -> 19.33 | I62: =ROUND(H62*F62,2) -> 773.2 | J62: =(I62*100/$I$80)/100 -> 0.0035347664
A63: 3.17 | B63: SINAPI | C63: 91865 | D63: ELETRODUTO RÍGIDO ROSCÁVEL, PVC, DN 40 MM (1 1/4"), PARA CIRCUITOS TERMINAIS, INSTALADO EM FORRO - FORNECIMENTO E INSTALAÇÃO. AF_03/2023 | E63: M | F63: ='Memória de Cálculo'!H241 -> 53 | G63: 20.4 | H63: =ROUND(G63*$K$7,2) -> 24.19 | I63: =ROUND(H63*F63,2) -> 1282.07 | J63: =(I63*100/$I$80)/100 -> 0.00586112
A64: 3.18 | B64: SINAPI | C64: 93008 | D64: ELETRODUTO RÍGIDO ROSCÁVEL, PVC, DN 50 MM (1 1/2"), PARA REDE ENTERRADA DE DISTRIBUIÇÃO DE ENERGIA ELÉTRICA - FORNECIMENTO E INSTALAÇÃO. AF_12/2021 | E64: M | F64: ='Memória de Cálculo'!H247 -> 257.95 | G64: 19.75 | H64: =ROUND(G64*$K$7,2) -> 23.42 | I64: =ROUND(H64*F64,2) -> 6041.19 | J64: =(I64*100/$I$80)/100 -> 0.027617946
A65: 3.19 | B65: SINAPI | C65: 91890 | D65: CURVA 90 GRAUS PARA ELETRODUTO, PVC, ROSCÁVEL, DN 25 MM (3/4"), PARA CIRCUITOS TERMINAIS, INSTALADA EM FORRO - FORNECIMENTO E INSTALAÇÃO. AF_03/2023 | E65: UND | F65: ='Memória de Cálculo'!H251 -> 4 | G65: 15.35 | H65: =ROUND(G65*$K$7,2) -> 18.2 | I65: =ROUND(H65*F65,2) -> 72.8 | J65: =(I65*100/$I$80)/100 -> 0.00033281298
A66: 3.20 | B66: SINAPI | C66: 91893 | D66: CURVA 90 GRAUS PARA ELETRODUTO, PVC, ROSCÁVEL, DN 32 MM (1"), PARA CIRCUITOS TERMINAIS, INSTALADA EM FORRO - FORNECIMENTO E INSTALAÇÃO. AF_03/2023 | E66: UND | F66: ='Memória de Cálculo'!H255 -> 5 | G66: 19.22 | H66: =ROUND(G66*$K$7,2) -> 22.79 | I66: =ROUND(H66*F66,2) -> 113.95 | J66: =(I66*100/$I$80)/100 -> 0.0005209346
A67: 3.21 | B67: SINAPI | C67: 91896 | D67: CURVA 90 GRAUS PARA ELETRODUTO, PVC, ROSCÁVEL, DN 40 MM (1 1/4"), PARA CIRCUITOS TERMINAIS, INSTALADA EM FORRO - FORNECIMENTO E INSTALAÇÃO. AF_03/2023 | E67: UND | F67: ='Memória de Cálculo'!H259 -> 5 | G67: 22.88 | H67: =ROUND(G67*$K$7,2) -> 27.13 | I67: =ROUND(H67*F67,2) -> 135.65 | J67: =(I67*100/$I$80)/100 -> 0.00062013847
A68: 3.22 | B68: SINAPI | C68: 93018 | D68: CURVA 90 GRAUS PARA ELETRODUTO, PVC, ROSCÁVEL, DN 50 MM (1 1/2"), PARA REDE ENTERRADA DE DISTRIBUIÇÃO DE ENERGIA ELÉTRICA - FORNECIMENTO E INSTALAÇÃO. AF_12/2021 | E68: UND | F68: ='Memória de Cálculo'!H265 -> 20 | G68: 26.73 | H68: =ROUND(G68*$K$7,2) -> 31.7 | I68: =ROUND(H68*F68,2) -> 634 | J68: =(I68*100/$I$80)/100 -> 0.0028983987
A69: 3.23 | B69: SINAPI | C69: 104404 | D69: CONDULETE DE PVC, TIPO T, PARA ELETRODUTO DE PVC SOLDÁVEL DN 25 MM (3/4''), APARENTE - FORNECIMENTO E INSTALAÇÃO. AF_01/2026 | E69: UND | F69: ='Memória de Cálculo'!H269 -> 4 | G69: 31.42 | H69: =ROUND(G69*$K$7,2) -> 37.26 | I69: =ROUND(H69*F69,2) -> 149.04 | J69: =(I69*100/$I$80)/100 -> 0.00068135228
A70: 3.24 | B70: SINAPI | C70: 104405 | D70: CONDULETE DE PVC, TIPO T, PARA ELETRODUTO DE PVC SOLDÁVEL DN 32 MM (1''), APARENTE - FORNECIMENTO E INSTALAÇÃO. AF_01/2026 | E70: UND | F70: ='Memória de Cálculo'!H277 -> 33 | G70: 38.18 | H70: =ROUND(G70*$K$7,2) -> 45.27 | I70: =ROUND(H70*F70,2) -> 1493.91 | J70: =(I70*100/$I$80)/100 -> 0.0068295692
A71: 3.25 | B71: SINAPI | C71: 91939 | D71: CAIXA RETANGULAR 4" X 2" ALTA (2,00 M DO PISO), PVC, INSTALADA EM PAREDE - FORNECIMENTO E INSTALAÇÃO. AF_03/2023 | E71: UND | F71: ='Memória de Cálculo'!H312 -> 37 | G71: 34.82 | H71: =ROUND(G71*$K$7,2) -> 41.29 | I71: =ROUND(H71*F71,2) -> 1527.73 | J71: =(I71*100/$I$80)/100 -> 0.0069841809
A72: 3.26 | B72: SINAPI | C72: 91928 | D72: CABO DE COBRE FLEXÍVEL ISOLADO, 4 MM², ANTI-CHAMA 450/750 V, PARA CIRCUITOS TERMINAIS - FORNECIMENTO E INSTALAÇÃO. AF_03/2023 | E72: M | F72: ='Memória de Cálculo'!H336 -> 2600.1 | G72: 7.21 | H72: =ROUND(G72*$K$7,2) -> 8.55 | I72: =ROUND(H72*F72,2) -> 22230.86 | J72: =(I72*100/$I$80)/100 -> 0.10163075
A73: 3.27 | B73: SINAPI | C73: 91930 | D73: CABO DE COBRE FLEXÍVEL ISOLADO, 6 MM², ANTI-CHAMA 450/750 V, PARA CIRCUITOS TERMINAIS - FORNECIMENTO E INSTALAÇÃO. AF_03/2023 | E73: M | F73: ='Memória de Cálculo'!H355 -> 3860.55 | G73: 10.05 | H73: =ROUND(G73*$K$7,2) -> 11.92 | I73: =ROUND(H73*F73,2) -> 46017.76 | J73: =(I73*100/$I$80)/100 -> 0.21037511
A74: 3.28 | B74: SINAPI | C74: 91993 | D74: TOMADA ALTA DE EMBUTIR (1 MÓDULO), 2P+T 20 A, INCLUINDO SUPORTE E PLACA - FORNECIMENTO E INSTALAÇÃO. AF_03/2023 | E74: UND | F74: ='Memória de Cálculo'!H390 -> 37 | G74: 47.92 | H74: =ROUND(G74*$K$7,2) -> 56.82 | I74: =ROUND(H74*F74,2) -> 2102.34 | J74: =(I74*100/$I$80)/100 -> 0.0096110719
A75: 3.29 | B75: SINAPI | C75: 104318 | D75: JOELHO 45 GRAUS, PVC, SOLDÁVEL, DN 20 MM, INSTALADO EM DRENO DE AR CONDICIONADO - FORNECIMENTO E INSTALAÇÃO. AF_08/2022 | E75: UND | F75: ='Memória de Cálculo'!H425 -> 37 | G75: 7.61 | H75: =ROUND(G75*$K$7,2) -> 9.02 | I75: =ROUND(H75*F75,2) -> 333.74 | J75: =(I75*100/$I$80)/100 -> 0.0015257281
A76: 3.30 | B76: SINAPI | C76: 104317 | D76: JOELHO 90 GRAUS, PVC, SOLDÁVEL, DN 20 MM, INSTALADO EM DRENO DE AR CONDICIONADO - FORNECIMENTO E INSTALAÇÃO. AF_08/2022 | E76: UND | F76: ='Memória de Cálculo'!H460 -> 74 | G76: 7.09 | H76: =ROUND(G76*$K$7,2) -> 8.41 | I76: =ROUND(H76*F76,2) -> 622.34 | J76: =(I76*100/$I$80)/100 -> 0.0028450938
A77: 3.31 | B77: SINAPI | C77: 104315 | D77: TUBO, PVC, SOLDÁVEL, DE 20MM, INSTALADO EM DRENO DE AR CONDICIONADO - FORNECIMENTO E INSTALAÇÃO. AF_08/2022 | E77: M | F77: ='Memória de Cálculo'!H466 -> 142.3 | G77: 16.9 | H77: =ROUND(G77*$K$7,2) -> 20.04 | I77: =ROUND(H77*F77,2) -> 2851.69 | J77: =(I77*100/$I$80)/100 -> 0.013036806
D78: TOTAL 3.0 | I78: =SUM(I47:I77) -> 108846.36 | J78: =(I78*100/$I$80)/100 -> 0.49760276
D80: TOTAL GERAL | I80: =I12+I44+I78 -> 218741.47 | J80: =(I80*100/$I$80)/100 -> 1
L81: =2294996.41*7% -> 160649.75
A82: BDI ADOTADO DE 18,58%
A83: FONTE: TABELA DO SINAPI JULHO/2025 NÃO DESONERADA - ORSE JULHO/2025-1
I87: 460659.35
I88: =I80-I87 -> -241917.88

Sheet Memória de Cálculo
A2: RECURSOS: PRÓPRIOS
A3: ='Orçamento Base'!$A$3 -> LOCALIZAÇÃO: RUA DESEMBARGADOR JOÃO PAES, S/N, DISTRITO DE IBIRANGA - ITAMBÉ/PE
A4: ='Orçamento Base'!$A$4:$E$4 -> OBJETO: IMPLANTAÇÃO DE SUBESTAÇÃO E INSTALAÇÕES DE PONTOS DE AR CONDICIONADO NO ESPAÇO EDUCATIVO URBANO, COM 12 SALAS DE AULA
A6: MEMÓRIA DE CÁLCULO DO ORÇAMENTO BASE
A8: Item | B8: DISCRIMINAÇÃO DOS SERVIÇOS | C8: UNIDADE | D8: COMPRIMENTO | E8: ALTURA | F8: LARGURA | G8: REPETIÇÕES | H8: TOTAL
A9: 1.0 | B9: SERVIÇOS PRELIMINARES
A10: 1.1 | B10: PLACA DE OBRA EM CHAPA AÇO GALVANIZADO, INSTALADA | C10: M2
B11: DIMENSÕES | D11: 3 | E11: 2 | H11: =ROUND(E11*D11,2) -> 6
G12: SUB TOTAL | H12: =H11 -> 6
A14: 1.2 | B14: PRESTAÇÃO DE SERVIÇO TÉCNICO DE ENGENHARIA PARA ELABORAÇÃO DE PROJETO ELÉTRICO DE SUBESTAÇÃO DO PRÉDIO DO CENTRO ADMINISTRATIVO COM APROVAÇÃO JUNTO A CELPE | C14: UND
B15: PROJETO | H15: 1
G16: SUB TOTAL | H16: =SUM(H15:H15) -> 1
A18: 2.0 | B18: SUBESTAÇÃO AÉREA TRIFÁSICA DE 300 KVA
A19: 2.1 | B19: MONTAGEM DE ACESSÓRIOS PARA SUBESTAÇÃO TRANSFORMADORA EM POSTE DE CONCRETO ARMADO DE SECAO DUPLO T, EXTENSAO DE 10,00 M, RESISTENCIA DE 600 DAN, TIPO B - CONFORME PROJETOS | C19: UND
B20: MONTAGEM CONFORME PROJETOS | H20: 1
G21: SUB TOTAL | H21: =H20 -> 1
A23: 2.2 | B23: ASSENTAMENTO DE POSTE DE CONCRETO COM COMPRIMENTO NOMINAL DE 10 M, CARGA NOMINAL DE 600 DAN, ENGASTAMENTO BASE CONCRETADA COM 1 M DE CONCRETO E 0,6 M DE SOLO (NÃO INCLUI FORNECIMENTO). AF_04/2025 | C23: UND
B24: ASSENTAMENTO DE POSTE PARA TRANSFORMADOR | H24: 1
G25: SUB TOTAL | H25: =H24 -> 1
A27: 2.3 | B27: TRANSFORMADOR DE DISTRIBUIÇÃO, 300 KVA, TRIFÁSICO, 60 HZ, CLASSE 15 KV, IMERSO EM ÓLEO MINERAL, INSTALAÇÃO EM POSTE (NÃO INCLUSO SUPORTE) - FORNECIMENTO E INSTALAÇÃO. AF_12/2020 | C27: UND
B28: SUBESTAÇÃO AÉREA | H28: 1
G29: SUB TOTAL | H29: =H28 -> 1
A31: 2.4 | B31: CAIXA ENTERRADA ELÉTRICA RETANGULAR, EM ALVENARIA COM BLOCOS DE CONCRETO, FUNDO COM BRITA, DIMENSÕES INTERNAS: 0,6X0,6X0,6 M. AF_12/2020 | C31: UND
B32: CAIXAS DE INSPEÇÃO | H32: 2
G33: SUB TOTAL | H33: =H32 -> 2
A35: 2.5 | B35: CABO DE COBRE FLEXÍVEL ISOLADO, 35 MM², 0,6/1,0 KV, PARA REDE AÉREA DE DISTRIBUIÇÃO DE ENERGIA ELÉTRICA DE BAIXA TENSÃO - FORNECIMENTO E INSTALAÇÃO. AF_07/2020 | C35: M
B36: LIGAÇÕES SUBESTAÇÃO AÉREA | D36: 5 | G36: 3 | H36: =ROUND(G36*D36,2) -> 15
B37: DESCIDA ATÉ CAIXA DE MEDIÇÃO | D37: 5 | G37: 1 | H37: =ROUND(G37*D37,2) -> 5
G38: SUB TOTAL | H38: =SUM(H36:H37) -> 20
A40: 2.6 | B40: CABO DE COBRE FLEXÍVEL ISOLADO, 50 MM², 0,6/1,0 KV, PARA REDE AÉREA DE DISTRIBUIÇÃO DE ENERGIA ELÉTRICA DE BAIXA TENSÃO - FORNECIMENTO E INSTALAÇÃO. AF_07/2020 | C40: M
B41: LIGAÇÕES SUBESTAÇÃO AÉREA E ATERRAMENTOS | D41: 15 | G41: 1 | H41: =ROUND(G41*D41,2) -> 15
G42: SUB TOTAL | H42: =H41 -> 15
A44: 2.7 | B44: CABO DE COBRE FLEXÍVEL ISOLADO, 70 MM², 0,6/1,0 KV, PARA REDE AÉREA DE DISTRIBUIÇÃO DE ENERGIA ELÉTRICA DE BAIXA TENSÃO - FORNECIMENTO E INSTALAÇÃO. AF_07/2020 | C44: M
B45: DESCIDA ATÉ CAIXA DE MEDIÇÃO | D45: 5 | G45: 3 | H45: =ROUND(G45*D45,2) -> 15
B46: DISTRIBUIÇÃO ATÉ QUADROS | D46: 17 | G46: 3 | H46: =ROUND(G46*D46,2) -> 51
G47: SUB TOTAL | H47: =SUM(H45:H46) -> 66
A49: 2.8 | B49: ELETRODUTO RÍGIDO ROSCÁVEL, PVC, DN 75 MM (2 1/2"), PARA REDE ENTERRADA DE DISTRIBUIÇÃO DE ENERGIA ELÉTRICA - FORNECIMENTO E INSTALAÇÃO. AF_12/2021 | C49: M
B50: LIGAÇÕES SUBESTAÇÃO AÉREA | D50: 8 | H50: =D50 -> 8
B51: DISTRIBUIÇÃO ATÉ QUADROS | D51: 17 | H51: =D51 -> 17
G52: SUB TOTAL | H52: =SUM(H50:H51) -> 25
A54: 2.9 | B54: LUVA PARA ELETRODUTO, PVC, ROSCÁVEL, DN 75 MM (2 1/2"), PARA REDE ENTERRADA DE DISTRIBUIÇÃO DE ENERGIA ELÉTRICA - FORNECIMENTO E INSTALAÇÃO. AF_12/2021 | C54: UND
B55: UNIDADES | H55: 8
G56: SUB TOTAL | H56: =H55 -> 8
A58: 2.10 | B58: CURVA 90 GRAUS PARA ELETRODUTO, PVC, ROSCÁVEL, DN 75 MM (2 1/2"), PARA REDE ENTERRADA DE DISTRIBUIÇÃO DE ENERGIA ELÉTRICA - FORNECIMENTO E INSTALAÇÃO. AF_12/2021 | C58: UND
B59: UNIDADES | H59: 4
G60: SUB TOTAL | H60: =H59 -> 4
A62: 2.11 | B62: Fornecimento de cabo de aço cobreado 3 x 9 awg | C62: KG
B63: SISTEMA DE ATERRAMENTOS | D63: 5 | G63: 4 | H63: =ROUND(G63*D63,2) -> 20
G64: SUB TOTAL | H64: =H63 -> 20
A66: 2.12 | B66: CAIXA ENTERRADA ELÉTRICA RETANGULAR, EM ALVENARIA COM TIJOLOS CERÂMICOS MACIÇOS, FUNDO COM BRITA, DIMENSÕES INTERNAS: 0,3X0,3X0,3 M. AF_12/2020 | C66: UND
B67: SISTEMA DE ATERRAMENTOS | H67: 4
G68: SUB TOTAL | H68: =H67 -> 4
A70: 2.13 | B70: CAIXA INTERNA/EXTERNA DE MEDICAO PARA 1 MEDIDOR TRIFASICO, COM VISOR, EM CHAPA DE ACO 18 USG (PADRAO DA CONCESSIONARIA LOCAL) | C70: UND
B71: CAIXA DE PROTEÇÃO CONFORME PROJETOS | H71: 1
G72: SUB TOTAL | H72: =H71 -> 1
A74: 2.14 | B74: DISJUNTOR TERMOMAGNÉTICO TRIPOLAR, CORRENTE NOMINAL DE 200A - FORNECIMENTO E INSTALAÇÃO. AF_07/2025 | C74: UND
B75: UNIDADES | H75: 1
G76: SUB TOTAL | H76: =H75 -> 1
A78: 2.15 | B78: ALVENARIA DE VEDAÇÃO DE BLOCOS CERÂMICOS FURADOS NA VERTICAL DE 19X19X39 CM (ESPESSURA 19 CM) E ARGAMASSA DE ASSENTAMENTO COM PREPARO EM BETONEIRA. AF_12/2021 | C78: M2
B79: BASE / APOIO DA CAIXA DE PROTEÇÃO DO MEDIDOR | D79: 1.6 | E79: 2 | H79: =ROUND(D79*E79,2) -> 3.2
G80: SUB TOTAL | H80: =H79 -> 3.2
A82: 2.16 | B82: CHAPISCO APLICADO EM ALVENARIAS E ESTRUTURAS DE CONCRETO INTERNAS, COM COLHER DE PEDREIRO. ARGAMASSA TRAÇO 1:3 COM PREPARO EM BETONEIRA 400L. AF_10/2022 | C82: M2
B83: BASE / APOIO DA CAIXA DE PROTEÇÃO DO MEDIDOR | D83: 1.6 | E83: 2 | G83: 2 | H83: =ROUND(D83*E83*G83,2) -> 6.4
G84: SUB TOTAL | H84: =H83 -> 6.4
A86: 2.17 | B86: MASSA ÚNICA, EM ARGAMASSA TRAÇO 1:2:8, PREPARO MECÂNICO, APLICADA MANUALMENTE EM PAREDES INTERNAS DE AMBIENTES COM ÁREA ENTRE 5M² E 10M², E = 17,5MM, COM TALISCAS. AF_03/2024 | C86: M2
B87: BASE / APOIO DA CAIXA DE PROTEÇÃO DO MEDIDOR | D87: 1.6 | E87: 2 | G87: 2 | H87: =ROUND(D87*E87*G87,2) -> 6.4
G88: SUB TOTAL | H88: =H87 -> 6.4
A90: 2.18 | B90: ELETRODUTO RÍGIDO SOLDÁVEL, PVC, DN 20 MM (½''), APARENTE - FORNECIMENTO E INSTALAÇÃO. AF_10/2022 | C90: M
B91: ELETRODUTO PARA LEITURA REMOTA | D91: 3 | H91: =D91 -> 3
G92: SUB TOTAL | H92: =H91 -> 3
A94: 2.19 | B94: Gancho suspensão com olhal, fornecimento | C94: UND
B95: UNIDADES | H95: 3
G96: SUB TOTAL | H96: =H95 -> 3
A98: 2.20 | B98: Fornecimento de gancho de olhal c/ furo 18 mm | C98: UND
B99: UNIDADES | H99: 3
G100: SUB TOTAL | H100: =H99 -> 3
A102: 2.21 | B102: Manilha sapatilha preformada, fornecimento | C102: UND
B103: UNIDADES | H103: 3
G104: SUB TOTAL | H104: =H103 -> 3
A106: 2.22 | B106: CABO DE COBRE FLEXÍVEL ISOLADO, 95 MM², ANTI-CHAMA 0,6/1,0 KV, PARA REDE ENTERRADA DE DISTRIBUIÇÃO DE ENERGIA ELÉTRICA - FORNECIMENTO E INSTALAÇÃO. AF_12/2021 | C106: M
B107: QUANTIDADE | H107: 60
G108: SUB TOTAL | H108: =H107 -> 60
A110: 2.23 | B110: CORDOALHA DE COBRE NU 35 MM², NÃO ENTERRADA, COM ISOLADOR - FORNECIMENTO E INSTALAÇÃO. AF_08/2023 | C110: M
B111: QUANTIDADE | H111: 30
G112: SUB TOTAL | H112: =H111 -> 30
A114: 2.24 | B114: CORDOALHA DE COBRE NU 95 MM², NÃO ENTERRADA, COM ISOLADOR - FORNECIMENTO E INSTALAÇÃO. AF_08/2023 | C114: M
B115: QUANTIDADE | H115: 15
G116: SUB TOTAL | H116: =H115 -> 15
A118: 2.25 | B118: Presilha de latão, L=20mm, para fixação de cabos de cobre, furo d=7mm, para cabos 35mm² a 50mm², ref:TEL-745 ou similar (SPDA) | C118: UND
B119: UNIDADES | H119: 4
G120: SUB TOTAL | H120: =H119 -> 4
A122: 2.26 | B122: Massa 3M para calafetação (fornecimento) | C122: KG
B123: QUANTIDADE | H123: 1
G124: SUB TOTAL | H124: =H123 -> 1
A126: 2.27 | B126: CONECTOR SPLIT-BOLT, PARA SPDA, PARA CABOS ATÉ 35 MM2 - FORNECIMENTO E INSTALAÇÃO. AF_08/2023 | C126: UND
B127: UNIDADES | H127: 2
G128: SUB TOTAL | H128: =H127 -> 2
A130: 2.28 | B130: CONECTOR SPLIT-BOLT, PARA SPDA, PARA CABOS ATÉ 50 MM2 - FORNECIMENTO E INSTALAÇÃO. AF_08/2023 | C130: UND
B131: UNIDADES | H131: 12
G132: SUB TOTAL | H132: =H131 -> 12
...

Sheet Composições
A2: PREFEITURA MUNICIPAL DE ITAMBÉ
A4: COMPOSIÇÕES DE CUSTOS
A7: FONTE | C7: DISCRIMINAÇÃO | D7: CLASS | E7: UNID. | F7: COEF. | G7: PREÇO (R$) | H7: PREÇO TOTAL (R$)
A8: CÓDIGO / TABELA | C8: MONTAGEM DE ACESSÓRIOS PARA SUBESTAÇÃO TRANSFORMADORA EM POSTE DE CONCRETO ARMADO DE SECAO DUPLO T, EXTENSAO DE 10,00 M, RESISTENCIA DE 600 DAN, TIPO B - CONFORME PROJETOS | E8: UND
A9: 00543/ORSE | C9: Cartucho para conector cunha série vermelho | D9: MAT. | E9: UND | F9: 5 | G9: 7 | H9: =ROUND(G9*F9,2) -> 35
A10: 00588/ORSE | C10: Chave fusível 15kv- 24kv 100a 12000a | D10: MAT. | E10: UND | F10: 3 | G10: 390.19 | H10: =ROUND(G10*F10,2) -> 1170.57
A11: 00654/ORSE | C11: Conec ampactinho tipo ii verde - 880.560-1 | D11: MAT. | E11: UND | F11: 2 | G11: 7.85 | H11: =ROUND(G11*F11,2) -> 15.7
A12: 00655/ORSE | C12: Conec ampactinho tipo VII vermelho / br 444.033-2 | D12: MAT. | E12: UND | F12: 2 | G12: 10.5 | H12: =ROUND(G12*F12,2) -> 21
A13: 00656/ORSE | C13: Conec cunha p/c 2 c/ 1/0 awg al | D13: MAT. | E13: UND | F13: 3 | G13: 9.57 | H13: =ROUND(G13*F13,2) -> 28.71
A14: 00657/ORSE | C14: Conec cunha p/c 6 c/ 1/0 awg al | D14: MAT. | E14: UND | F14: 1 | G14: 23.9 | H14: =ROUND(G14*F14,2) -> 23.9
A15: 00658/ORSE | C15: Conec cunha p/c 6 c/ 2 awg al | D15: MAT. | E15: UND | F15: 1 | G15: 23.9 | H15: =ROUND(G15*F15,2) -> 23.9
A16: 00660/ORSE | C16: Conector c look | D16: MAT. | E16: UND | F16: 1 | G16: 32 | H16: =ROUND(G16*F16,2) -> 32
A17: 00664/ORSE | C17: Conector p/ haste de aterramento 5/8" | D17: MAT. | E17: UND | F17: 4 | G17: 5 | H17: =ROUND(G17*F17,2) -> 20
A18: 00714/ORSE | C18: Cruzeta em concreto armado, tipo "t", 1900mm | D18: MAT. | E18: UND | F18: 4 | G18: 284 | H18: =ROUND(G18*F18,2) -> 1136
A19: 00927/ORSE | C19: Estribo normal alça 2 awg para co | D19: MAT. | E19: UND | F19: 3 | G19: 43.54 | H19: =ROUND(G19*F19,2) -> 130.62
A20: 00958/ORSE | C20: Fio alumínio recozido para amarração 6 awg | D20: MAT. | E20: KG | F20: 0.4 | G20: 52.5 | H20: =ROUND(G20*F20,2) -> 21
... A34: 00881/ORSE | C34: Elo fusível 2 h, 500 mm | D34: MAT. | E34: UND | F34: 3 | G34: 15.35 | H34: =ROUND(G34*F34,2) -> 46.05
A35: PREÇO (mão-de-obra):
A36: PREÇO (material): | H36: =SUM(H9:H34) -> 6615.06
A37: PREÇO (equipamento): | H37: 0
A38: PREÇO TOTAL (UNIT.): | H38: =ROUND((H35+H36+H37),2) -> 6615.06
A39: COEFICIENTES EXTRAÍDOS DA TABELA:
A40: COMPOSIÇÃO EXTRAÍDA DO CÓDIGO 00323/ORSE - MONTAGEM DE ACESSÓRIOS PARA SUBESTAÇÃO TRANSFORMADORA EM POSTE - REV. 01-2023
A42: INSUMOS ADAPTADOS DA TABELA:
A43: SINAPI NÃO DESONERADO NA DATA BASE JANEIRO/2026

Sheet Cronograma
A2: RECURSOS: PRÓPRIOS
A3: ='Orçamento Base'!$A$3 -> LOCALIZAÇÃO: RUA DESEMBARGADOR JOÃO PAES, S/N, DISTRITO DE IBIRANGA - ITAMBÉ/PE
A4: ='Orçamento Base'!A4:E4 -> OBJETO: IMPLANTAÇÃO DE SUBESTAÇÃO E INSTALAÇÕES DE PONTOS DE AR CONDICIONADO NO ESPAÇO EDUCATIVO URBANO, COM 12 SALAS DE AULA
A5: ='Orçamento Base'!A5 -> DATA: MARÇO DE 2026
A6: CRONOGRAMA FÍSICO FINANCEIRO
B7: ITEM | C7: DISCRIMINAÇÃO | D7: TOTAL | E7: 30 DIAS | F7: 60 DIAS
B8: 1.0 | C8: ='Orçamento Base'!D9 -> SERVIÇOS PRELIMINARES | D8: ='Orçamento Base'!I12 -> 22900.2 | E8: =H8 -> 11450.1 | F8: =D8-E8 -> 11450.1 | G8: =SUM(E8:F8) -> 22900.2 | H8: =ROUND(D8/2,2) -> 11450.1
B9: 2.0 | C9: ='Orçamento Base'!D14 -> SUBESTAÇÃO AÉREA TRIFÁSICA DE 300 KVA | D9: ='Orçamento Base'!I44 -> 86994.91 | E9: =H9 -> 86994.91 | G9: =SUM(E9:F9) -> 86994.91 | H9: =ROUND(D9/1,2) -> 86994.91
B10: 3.0 | C10: ='Orçamento Base'!D46 -> INSTATALÇOES DE PONTOS DE AR CONDICIONADO | D10: ='Orçamento Base'!I78 -> 108846.36 | E10: =D10*0.3 -> 32653.908 | F10: =D10*0.7 -> 76192.452 | G10: =SUM(E10:F10) -> 108846.36 | H10: =ROUND(D10/1,2) -> 108846.36
G11: =SUM(E11:F11) -> 0 | H11: =ROUND(D11/6,2) -> 0
H12: =SUM(G8:G10) -> 218741.47
C13: VALOR TOTAL | D13: =SUM(D8:D10) -> 218741.47 | E13: MÊS 01 | F13: MÊS 02
C14: VALOR SIMPLES (R$) | E14: =SUM(E8:E10) -> 131098.92 | F14: =SUM(F8:F10) -> 87642.552 | G14: =SUM(E14:F14) -> 218741.47
C15: PERCENTUAL SIMPLES (%) | E15: =(E14*100/$D$13)/100 -> 0.59933271 | F15: =(F14*100/$D$13)/100 -> 0.40066729 | G15: =SUM(E15:F15) -> 1
C16: VALOR ACUMULADO (R$) | E16: =E14 -> 131098.92 | F16: =E16+F14 -> 218741.47
C17: PERCENTUAL ACUMULADO (%) | E17: =(E16*100/$D$13)/100 -> 0.59933271 | F17: =(F16*100/$D$13)/100 -> 1 | G17: =SUM(E17:F17) -> 1.5993327

Sheet BDI
A2: ='Orçamento Base'!A4:E4 -> OBJETO: IMPLANTAÇÃO DE SUBESTAÇÃO E INSTALAÇÕES DE PONTOS DE AR CONDICIONADO NO ESPAÇO EDUCATIVO URBANO, COM 12 SALAS DE AULA
A3: ='Orçamento Base'!$A$3 -> LOCALIZAÇÃO: RUA DESEMBARGADOR JOÃO PAES, S/N, DISTRITO DE IBIRANGA - ITAMBÉ/PE
A5: COMPOSIÇÃO DE BDI | E5: Preencher os campos em amarelo
A7: COD | B7: DESCRIÇÃO | C7: % | E7: Não ultrapassar a faixa de limites abaixo, caso tenha duvida sobre o tipo da obra, realizar consulta no ACORDÃO 2622/2013-TCU ou pedir orientações pra alguem da GIDUR.
B8: Despesas Indiretas
A9: AC | B9: Administração central | C9: 3 | E9: Para o tipo de obra “Construção de Edifícios”: | J9: Para o tipo de obra “Construção de Redes de Abastecimento de Água, Coleta de Esgoto e Construções Correlatas”:
A10: DF | B10: Despesas financeiras | C10: 0.59 | E10: PARCELA DO BDI | F10: 1 Quartil | G10: Médio | H10: 3 Quartil | J10: PARCELA DO BDI | K10: 1 Quartil | L10: Médio | M10: 3 Quartil
A11: R | B11: Riscos | C11: 0.97 | E11: Administração Central | F11: 0.03 | G11: 0.04 | H11: 0.055 | J11: Administração Central | K11: 0.0343 | L11: 0.0493 | M11: 0.0671
E12: Seguro e Garantia | F12: 0.008 | G12: 0.008 | H12: 0.01 | J12: Seguro e Garantia | K12: 0.0028 | L12: 0.0049 | M12: 0.0075
E13: Risco | F13: 0.0097 | G13: 0.0127 | H13: 0.0127 | J13: Risco | K13: 0.01 | L13: 0.0139 | M13: 0.0174
B14: Benefício | E14: Despesas Financeiras | F14: 0.0059 | G14: 0.0123 | H14: 0.0139 | J14: Despesas Financeiras | K14: 0.0094 | L14: 0.0099 | M14: 0.0117
A15: S + G | B15: Garantia/seguros | C15: 0.8 | E15: Lucro | F15: 0.0616 | G15: 0.074 | H15: 0.0896 | J15: Lucro | K15: 0.0674 | L15: 0.0804 | M15: 0.094
A16: L | B16: Lucro | C16: 6.16 | E16: PIS, COFINS e ISSQN | F16: Conforme legislação específica | J16: PIS, COFINS e ISSQN | K16: Conforme legislação específica
E17: Para o tipo de obra “Construção de Rodovias e Ferrovias”: | J17: Para “Fornecimento de Materiais e Equipamentos”:
A19: I | B19: Impostos | C19: =+SUM(C20:C23) -> 5.65 | E19: PARCELA DO BDI | F19: 1 Quartil | G19: Médio | H19: 3 Quartil | J19: PARCELA DO BDI | K19: 1 Quartil | L19: Médio | M19: 3 Quartil
B20: PIS | C20: 0.65 | E20: Administração Central | F20: 0.038 | G20: 0.0401 | H20: 0.0467 | J20: Administração Central | K20: 0.015 | L20: 0.0345 | M20: 0.0449
B21: COFINS | C21: 3 | E21: Seguro e Garantia | F21: 0.0032 | G21: 0.004 | H21: 0.0074 | J21: Seguro e Garantia | K21: 0.003 | L21: 0.0048 | M21: 0.0082
B22: ISS | C22: 2 | E22: Risco | F22: 0.005 | G22: 0.0056 | H22: 0.0097 | J22: Risco | K22: 0.0056 | L22: 0.0085 | M22: 0.0089
B23: CPRB ( 3,60%, Apenas quando tiver desoneração INSS) | E23: Despesas Financeiras | F23: 0.0102 | G23: 0.0111 | H23: 0.0121 | J23: Despesas Financeiras | K23: 0.0085 | L23: 0.0085 | M23: 0.0111
B24: TOTAL DOS IMPOSTOS | C24: =SUM(C20:C23) -> 5.65 | E24: Lucro | F24: 0.0664 | G24: 0.073 | H24: 0.0869 | J24: Lucro | K24: 0.035 | L24: 0.0511 | M24: 0.0622
E25: PIS, COFINS e ISSQN | F25: Conforme legislação específica | J25: PIS, COFINS e ISSQN | K25: Conforme legislação específica
B26: BDI = | C26: =+(((1+C9/100+C15/100+C11/100)*(1+C10/100)*(1+C16/100))/(1-C19/100))-1 -> 0.18579812 | F26: =F20+F21+F22+F23+F24+8.65% -> 0.2093 | G26: =G20+G21+G22+G23+G24+8.65% -> 0.2203 | H26: =H20+H21+H22+H23+H24+8.65% -> 0.2493
E27: O valor final do BDI não pode ultrapassar os limites abaixo, quando não tiver desoneração do INSS na folha de pagamento, pois foram calculados sem desoneração:
E29: VALORES DE BDI POR TIPO DE OBRA
E30: TIPO DE OBRA | F30: 1 Quartil | G30: Médio | H30: 3 Quartil
E31: Construção de Edifícios | F31: 0.2034 | G31: 0.2212 | H31: 0.25
E32: Construção de Rodovias e Ferrovias | F32: 0.196 | G32: 0.2097 | H32: 0.2423
E33: Construção de Redes de Abastecimento de Água, Coleta de Esgoto e Construções Correlatas | F33: 0.2076 | G33: 0.2418 | H33: 0.2644
E34: Construção e Manutenção de Estações e Redes de Distribuição de Energia Elétrica | F34: 0.24 | G34: 0.2584 | H34: 0.2786
E35: Obras Portuárias, Marítimas e Fluviais | F35: 0.228 | G35: 0.2748 | H35: 0.3095
E36: Fornecimento de Materiais e Equipamentos | F36: 0.111 | G36: 0.1402 | H36: 0.168
E39: Para o tipo de obra “Construção de Rodovias e Ferrovias”:
E41: PARCELA DO BDI | F41: 1 Quartil | G41: Médio | H41: 3 Quartil
E42: Administração Central | F42: 0.038 | G42: 0.0401 | H42: 0.0467
E43: Seguro e Garantia | F43: 0.0032 | G43: 0.004 | H43: 0.0074
E44: Risco | F44: 0.005 | G44: 0.0056 | H44: 0.0097
E45: Despesas Financeiras | F45: 0.0102 | G45: 0.0111 | H45: 0.0121
E46: Lucro | F46: 0.0664 | G46: 0.073 | H46: 0.0869
E47: PIS, COFINS e ISSQN | F47: Conforme legislação específica
F48: =F42+F43+F44+F45+F46+8.65% -> 0.2093 | G48: =G42+G43+G44+G45+G46+8.65% -> 0.2203 | H48: =H42+H43+H44+H45+H46+8.65% -> 0.2493

Sheet COTAÇÕES
B1: MAPA DE COTAÇÕES DOS EQUIPAMENTOS
A3: OBJETO DA COTAÇÃO | B3: Nome da Empresa | C3: CNPJ | D3: Nome do Contato | E3: telefone | F3: Data da Cotação | G3: valor da cotação | H3: Menor preço
A4: PRESTAÇÃO DE SERVIÇO TÉCNICO DE ENGENHARIA PARA ELABORAÇÃO DE PROJETO ELÉTRICO DE SUBESTAÇÃO DO PRÉDIO CRECHE TIPO 01 - PADRÃO FNDE - OPÇÃO 220V | B4: S A ENGENHARIA E CONSULTORIA | C4: 28.942.539/0001-89 | D4: SAULO DAVI | E4: 81.99999-9882 | F4: 45876 | G4: 16500 | H4: =MIN(G4,G5,G6) -> 16500
B5: DISTAC ENGENHARIA E CONSULTORIA LTDA | C5: 07.653.493/0001-08 | D5: TADZIO ALESSANDRO | E5: 81-3083-3363 | F5: 45877 | G5: 18000
B6: S M ENGENHARIA | C6: 21.303.988/0001-38 | D6: JAILTON | E6: 81-98229-1636 | F6: 45877 | G6: 19200
